 Dungeon Crawl Stone Soup version 0.29.1-15-g9cfb28693d (webtiles) character file.

Game seed: 9617972634582138426

98 McKennaii the Digger (level 4, 0/33 HPs)
             Began as a Demigod Earth Elementalist on Feb 25, 2023.
             Slain by an iguana (9 damage)
             ... on level 3 of the Dungeon.
             The game lasted 00:02:11 (2846 turns).

McKennaii the Digger (Demigod Earth Elementalist)   Turns: 2846, Time: 00:02:12

Health: 0/33       AC:  5    Str:  9    XL:     4   Next: 20%
Magic:  6/11       EV: 12    Int: 21    God:
Gold:   139        SH:  0    Dex: 14    Spells: 8/9 levels left

rFire   . . .      SeeInvis .   o - +3 dagger (venom)
rCold   . . .      Faith    .   (no shield)
rNeg    . . .      Spirit   .   a - +0 robe
rPois   .          Reflect  .   k - +0 helmet
rElec   .          Harm     .   (no cloak)
rCorr   .          Rampage  .   p - +0 pair of gloves
Will    .....                   l - +0 pair of boots
Stlth   ++........              (no amulet)
HPRegen 0.11/turn               (no ring)
MPRegen 0.12/turn               (no ring)

@: no status effects
A: high MP 1, forlorn, divine attributes
a: no special abilities


You were on level 3 of the Dungeon.
You visited 1 branch of the dungeon, and saw 3 of its levels.

You collected 139 gold pieces.

Inventory:

Hand Weapons
 o - a +3 dagger of venom (weapon)
Armour
 a - a +0 robe (worn)
 k - a +0 helmet (worn)
 l - a +0 pair of boots (worn)
 n - a +1 leather armour of fire resistance
 p - a +0 pair of gloves (worn)
Magical Staves
 f - a staff of air
Scrolls
 c - 2 scrolls of enchant weapon {unknown}
 e - 3 scrolls of identify {unknown}
 q - a scroll of torment {unknown}
 r - a scroll of enchant armour {unknown}
 s - a scroll of immolation {unknown}
Potions
 b - 2 potions of magic
 d - a potion of attraction {unknown}
 g - a potion of degeneration {unknown}
 h - a potion of haste {unknown}
 i - 3 potions of heal wounds {unknown}
 j - a potion of might {unknown}
 m - 3 potions of curing {unknown}


   Skills:
 - Level 1.8 Dodging
 - Level 1.8 Stealth
 + Level 3.0 Spellcasting
 - Level 0.9 Transmutations
 + Level 3.8 Earth Magic


You had 8 spell levels left.
You knew the following spells:

 Your Spells              Type           Power      Damage    Failure   Level
a - Sandblast             Erth           38%        2d10      2%          1

Your spell library contained the following spells:

 Spells                   Type           Power      Damage    Failure   Level
 Passwall                 Tmut/Erth      10%        N/A       8%          2
 Stone Arrow              Conj/Erth      22%        3d8       19%         3
 Ensorcelled Hibernation  Hex/Ice        6%         N/A       21%         2
 Swiftness                Air            3%         N/A       36%         3
 Petrify                  Tmut/Erth      13%        N/A       43%         4


Dungeon Overview and Level Annotations

Branches:
Dungeon (3/15)


Innate Abilities, Weirdness & Mutations

You have an increased reservoir of magic. (+10% MP)
You shall have no god before yourself.
Your divine heritage dramatically boosts your attributes as you level up.


Message History

You see here a scroll labelled PORPHE UCLAS.
There is an open door here.
You see here a +0 scale mail.
The blast of sand misses the orc.
The blast of sand hits the iguana.
The iguana is moderately wounded.
The orc hits you with a +0 hand axe.
The blast of sand hits the orc!
You kill the orc!
The blast of sand hits the iguana but does no damage.
The iguana is moderately wounded.
The iguana bites you! x2
You are too injured to fight recklessly!
You are too injured to fight recklessly!
Casting: Sandblast (safe; 2% risk of failure)
Confirm with . or Enter, or press ? or * to list all spells.
You don't know that spell.
Unknown command.
Unknown command.
Casting: Sandblast (safe; 2% risk of failure)
Confirm with . or Enter, or press ? or * to list all spells.
You don't know that spell.
Unknown command.
Casting: Sandblast (safe; 2% risk of failure)
Confirm with . or Enter, or press ? or * to list all spells.
Aiming: Sandblast (safe; 2% risk of failure)
Press: ? - help, Shift-Dir - straight line, f/p - iguana
Aim: an iguana (moderately wounded, 84% to hit)
The blast of sand hits the iguana!
The iguana is almost dead.
The iguana bites you.
* * * LOW HITPOINT WARNING * * *
Casting: Sandblast (safe; 2% risk of failure)
Confirm with . or Enter, or press ? or * to list all spells.
Aiming: Sandblast (safe; 2% risk of failure)
Press: ? - help, Shift-Dir - straight line, f/p - iguana
Aim: an iguana (almost dead, 84% to hit)
The blast of sand hits the iguana but does no damage.
The iguana is almost dead.
The iguana bites you!
You die...

.....#.......# #.......####.##
.....######### ####.#####...##
...o.# ..# #.# #.#### .....# #.#
##.## #.# # o.o).# #.# ##.#.##
#.# # oo...# #.# ###.###.###.####
.?...# #.# #..#...#........
.o...#####.#######.#.###.##.#####
###'###....ooool@....# #.##.# #
........##.##.######.###.##.# #
..########.##.# ##...###.# # ..
#.##.# ##......# # . #.##.#
#.###### # . #.##.# #.# # ..##.#
#.# # ####.# #.##########
#...........


You could see an iguana, an orc wizard and 3 orcs.

Vanquished Creatures
  Robin (D:2)
  A dart slug (D:3)
  An orc (D:3)
  12 ball pythons
  6 endoplasms
  2 giant cockroaches (D:1)
  14 goblins
  6 hobgoblins
  6 jackals (D:1)
  5 kobolds (D:1)
  4 quokkas
  8 bats
  2 frilled lizards (D:1)
  3 rats
71 creatures vanquished.

Notes
Turn   | Place    | Note
-------+----------+-------------------------------------------
     0 | D:1      | McKennaii the Demigod Earth Elementalist began the quest
                  | for the Orb.
     0 | D:1      | Reached XP level 1. HP: 14/14 MP: 5/5
   218 | D:1      | Reached XP level 2. HP: 15/20 MP: 1/7
   680 | D:1      | Reached XP level 3. HP: 26/26 MP: 4/9
  1536 | D:2      | Noticed Robin
  1570 | D:2      | Killed Robin
  2260 | D:2      | Reached XP level 4. HP: 33/33 MP: 9/11
  2846 | D:3      | Slain by an iguana

Illustrated notes

Levels and vault maps discovered:
D:1:      elethiomel_arrival_shortcut, layout_basic
D:2:      layout_loops_ring, minivault_23, nicolae_elevator_lobby_asterisk,
          uniq_robin
D:3:      layout_loops_ring, nicolae_ecumenical_snake_handling,
          kennysheep_small_spiral, uniq_ijyb

Skill      XL: |  1  2  3  4 |
---------------+-------------+-----
Spellcasting   | 2 3 |  3.0
Earth Magic    | 3 |  3.8
Dodging        | |  1.8
Stealth        | |  1.8
Transmutations | |  0.9

Action                   |  1- 3 |  4- 6 || total
-------------------------+-------+-------++-------
Melee: Unarmed           |     9 |       ||     9
 Cast: Sandblast         |    84 |    18 ||   102
Armor: Robe              |    12 |     2 ||    14
Dodge: Dodged            |    37 |     4 ||    41
